 Dungeon Crawl Stone Soup version 0.28-a0-1286-g6bde065e89 (webtiles) character file.

Game seed: 504884368641188404

26 croobank the Insei (level 3, 0/23 HPs)
             Began as an Octopode Transmuter on Dec 26, 2021.
             Slain by a phantom (6 damage)
             ... on level 4 of the Dungeon.
             The game lasted 00:04:39 (1456 turns).

croobank the Insei (Octopode Transmuter)            Turns: 1456, Time: 00:04:40

Health: 0/23       AC:  1    Str: 11    XL:     3   Next: 8%
Magic:  5/6        EV: 13    Int: 15    God:
Gold:   67         SH:  0    Dex: 12    Spells: 3/6 levels left

rFire   . . .      SeeInvis .     - Unarmed
rCold   . . .      Faith    .   (no shield)
rNeg    . . .      Spirit   .   (helmet restricted)
rPois   .          Reflect  .   (no amulet)
rElec   .          Harm     .   (no ring)
rCorr   .          Rampage  .   (no ring)
Will    .....                   (no ring)
Stlth   ++........              (no ring)
HPRegen 0.07/turn               (no ring)
MPRegen 0.10/turn               (no ring)
                                (no ring)
                                (no ring)

@: wereblooded, attractive
A: almost no armour, amphibious, 8 rings, camouflage 1, gelatinous body 1,
(nimble swimmer 1), tentacles
a: no special abilities


You were on level 4 of the Dungeon.
You visited 1 branch of the dungeon, and saw 3 of its levels.

You collected 67 gold pieces.

Inventory:

Hand Weapons
 a - a +0 whip of electrocution
 b - a +3 hunting sling
 d - a +0 hand axe
 f - a +0 spear
 g - a +0 whip
Missiles
 c - 35 stones
Scrolls
 e - a scroll of summoning {unknown}


   Skills:
 + Level 1.5 Fighting
 + Level 2.3 Dodging
 + Level 3.2 Unarmed Combat
 + Level 2.2 Spellcasting
 + Level 2.3 Transmutations


You had 3 spell levels left.
You knew the following spells:

 Your Spells              Type           Power      Damage    Failure   Level
a - Beastly Appendage     Tmut           16%        N/A       9%          1
b - Wereblood             Tmut           8%         N/A       13%         2

Your spell library contained the following spells:

 Spells                   Type           Power      Damage    Failure   Level
 Spider Form              Tmut/Pois      5%         N/A       38%         3
 Stone Arrow              Conj/Erth      2%         3d7       54%         3
 Ice Form                 Ice/Tmut       5%         N/A       80%         4
 Petrify                  Tmut/Erth      5%         N/A       80%         4
 Metabolic Englaciation   Hex/Ice        0%         N/A       99%         5
 Statue Form              Tmut/Erth      3%         N/A       100%        6
 Lehudib's Crystal Spear  Conj/Erth      0%         10d2      100%        8
 Animate Armour           Summ/Erth      Unusable   N/A       N/A         4

Dungeon Overview and Level Annotations

Branches:
Dungeon (2/15)

Altars:


Innate Abilities, Weirdness & Mutations

You cannot wear most types of armour.
You are amphibious.
You can wear up to eight rings at the same time.
Your skin changes colour to match your surroundings (Stealth+).
Your rubbery body absorbs attacks. (AC +1, EV +1)
((You are camouflaged when in or above water. (Stealth+)))
You have tentacles for arms and can constrict up to eight enemies at once.


Message History

a +0 club; a goblin corpse
Casting: Beastly Appendage (safe; 9% risk of failure)
Confirm with . or Enter, or press ? or * to list all spells.
Your blood is infused with primal strength.
The phantom misses you.
You closely miss the phantom.
Your tentacle spike misses the phantom.
The phantom hits you.
You tentacle-slap the phantom but do no damage.
Your tentacle spike misses the phantom.
Your squeeze misses the phantom. The phantom barely misses you.
You tentacle-slap the phantom but do no damage.
Your tentacle spike disappears.
The phantom hits you.
You tentacle-slap the phantom.
The phantom is lightly damaged.
You closely miss the phantom.
The phantom is lightly damaged.
The phantom hits you!
You tentacle-slap the phantom. Your squeeze misses the phantom.
The phantom is lightly damaged.
The phantom hits you.
You closely miss the phantom.
The phantom is lightly damaged.
The phantom barely misses you.
You tentacle-slap the phantom.
The phantom is moderately damaged.
The phantom closely misses you.
You closely miss the phantom.
The phantom is moderately damaged.
The phantom closely misses you.
You barely miss the phantom. Your squeeze misses the phantom.
The phantom is moderately damaged.
The phantom hits you.
* * * LOW HITPOINT WARNING * * *
Okay, then.
Okay, then.
It was a potion of attraction.
You feel attractive to monsters. The phantom hits you.
You die...

############
#..........#
#..........#
#..........#
#..........#
#......)...#
#.....@....+
#....W.....#
#..........#
#..........#
#..........#
#..........#
#..........#
...........#
.....###...##


You could see a phantom.

Vanquished Creatures
  2 dart slugs (D:1)
  A bat (D:1)
  2 endoplasms (D:1)
  2 goblins
  3 hobgoblins (D:1)
  2 jackals (D:1)
  2 frilled lizards (D:1)
  4 kobolds (D:1)
  3 rats (D:1)
21 creatures vanquished.

Notes
Turn   | Place    | Note
-------+----------+-------------------------------------------
     0 | D:1      | croobank the Octopode Transmuter began the quest for the
                  | Orb.
     0 | D:1      | Reached XP level 1. HP: 13/13 MP: 3/3
   190 | D:1      | Reached XP level 2. HP: 6/18 MP: 5/5
   674 | D:1      | Learned a level 2 spell: Wereblood
  1266 | D:1      | Reached XP level 3. HP: 23/23 MP: 6/6
  1354 | D:1      | Found a faded altar of an unknown god.
  1433 | D:2      | You fall into a shaft and drop 2 floors!
  1441 | D:4      | Noticed a phantom
  1456 | D:4      | Slain by a phantom

Illustrated notes

Levels and vault maps discovered:
D:1:      minmay_arrival_open_corners, layout_loops_ring,
          chequers_ecumenical_altar_simple
D:2:      layout_loops_ring, ebering_dispersal_statue_hall, uniq_robin
D:4:      layout_basic, serial_shops, shop, nicolae_stop_n_shop_2

Action                   || total
-------------------------++-------
Melee: Unarmed           ||    60
       Kick              ||    14
       Constrict         ||    15
       Tentacles         ||     3
 Cast: Beastly Appendage ||    14
       Wereblood         ||     1
  Use: Potion            ||     1
 Stab: Sleeping          ||     3
Armor: Skin              ||     5
Dodge: Dodged            ||    30

Table legend: (Time is in decaauts)
 A = Elapsed time spent in this place.
 B = Non-inter-level travel time spent in this place.
 C = Inter-level travel time spent in this place.
 D = Time resting spent in this place.
 E = Time spent auto-exploring this place.
 F = Levels seen in this place.
 G = Mean time per level.
                   A        B        C        D        E       F      G
               +--------+--------+--------+--------+--------+-----+--------+
         Total |   1450 |   1434 |     16 |    444 |    743 |   3 |  483.3 |
       Dungeon |   1450 |   1434 |     16 |    444 |    743 |   3 |  483.3 |
               +--------+--------+--------+--------+--------+-----+--------+

Top non-repeatable levels by time:
     D:1: 1428 daAuts
     D:4: 21 daAuts
